 Dungeon Crawl Stone Soup version 0.28-a0-1555-g9ae15a6949 (webtiles) character file.

Game seed: 4369709002671024457

88 kae the Insei (level 4, -3/33 HPs)
             Began as a Demonspawn Transmuter on Jan 18, 2022.
             Slain by an orc (6 damage)
             ... on level 2 of the Dungeon.
             The game lasted 00:02:02 (1933 turns).

kae the Insei (Demonspawn Transmuter)               Turns: 1933, Time: 00:02:03

Health: -3/33      AC:  3    Str: 12    XL:     4   Next: 29%
Magic:  1/7        EV: 12    Int: 15    God:
Gold:   78         SH:  5    Dex: 13    Spells: 3/7 levels left

rFire   . . .      SeeInvis .     - Unarmed
rCold   . . .      Faith    .   (no shield)
rNeg    . . .      Spirit   .   a - +0 robe
rPois   .          Reflect  +   (helmet restricted)
rElec   .          Harm     .   d - +0 cloak
rCorr   +          Rampage  .   (no gloves)
Will    .....                   (no boots)
Stlth   +.........              e - amulet of reflection
HPRegen 0.11/turn               b - ring of wizardry
MPRegen 0.10/turn               c - ring of resist corrosion

@: very slightly contaminated
A: horns 2, ignite blood 1
a: no special abilities


You were on level 2 of the Dungeon.
You visited 1 branch of the dungeon, and saw 2 of its levels.

You collected 78 gold pieces.

Inventory:

Armour
 a - a +0 robe (worn)
 d - a +0 cloak (worn)
Jewellery
 b - a ring of wizardry (left hand)
 c - a ring of resist corrosion (right hand)
 e - an amulet of reflection (around neck)
Scrolls
 f - a scroll of noise


   Skills:
 + Level 1.7 Fighting
 + Level 2.2 Dodging
 * Level 3.3 Unarmed Combat
 + Level 2.3 Spellcasting
 * Level 2.5 Transmutations
 * Level 0.8 Poison Magic


You had 3 spell levels left.
You knew the following spells:

 Your Spells              Type           Power      Damage    Failure   Level
a - Beastly Appendage     Tmut           18%        N/A       3%          1
b - Spider Form           Tmut/Pois      6%         N/A       13%         3

Your spell library contained the following spells:

 Spells                   Type           Power      Damage    Failure   Level
 Wereblood                Tmut           9%         N/A       4%          2
 Ice Form                 Ice/Tmut       5%         N/A       43%         4


Dungeon Overview and Level Annotations

Branches:
Dungeon (2/15)

Altars:


Innate Abilities, Weirdness & Mutations

You have a pair of horns on your head.
Your demonic aura sometimes causes spilled blood to erupt in flames.


Message History

* * * LOW HITPOINT WARNING * * *
You hit the bat.
You kill the bat!
You closely miss the orc. You hit the orc but do no damage.
You headbutt the orc.
The orc is severely wounded.
The orc hits you but does no damage.
You hit the orc but do no damage.
The orc is severely wounded.
The orc hits you with a +0 dagger.
* * * LOW HITPOINT WARNING * * *
You hit the orc.
You kill the orc!
You aren't carrying any potions.
Unknown command.
Okay, then.
Casting: Spider Form (quite dangerous; 16% risk of failure)
Confirm with . or Enter, or press ? or * to list all spells.
You miscast Beastly Appendage.
Nothing appears to happen.
The rat bites you.
* * * LOW HITPOINT WARNING * * *
You closely miss the rat. You block the rat's attack.
You barely miss the rat. The rat closely misses you.
You barely miss the rat. The rat barely misses you.
You barely miss the rat. You headbutt the rat.
You kill the rat!
You closely miss the orc priest. You headbutt the orc priest.
The orc priest is lightly wounded.
The orc priest closely misses you.
You hit the orc priest. You headbutt the orc priest.
The orc priest is severely wounded.
The orc priest looks satisfied for a moment.
You closely miss the orc priest. You headbutt the orc priest!
You kill the orc priest!
You have reached level 4!
You feel clever.
Your demonic ancestry asserts itself...
The horns on your head grow some more.
You hit the orc. You headbutt the orc.
You kill the orc!
The orc hits you with a +0 hand axe.
You die...

#### #.......### #...# #.# #.#
...# #.##......# #...####.####.#
...# #.....###.###...#.........#
...###.##..###............##.#.##
.......|..................#..#..#
..†#.#......##...........#.#.#.#.
...#.#†.....##.###.#.#.##.##...##
...............##.###.........##.
#.#.###..#######@## ##.####.#.#.#
#........# ##o###.## ##...##
........## ##o#.## ##.###
###.##### ######l## #.... ###.#
##.(.##.## ##### ....# #..o...r.#
# ##### .........o........
...............##.
............##....


You could see 2 orcs and a frilled lizard.

Vanquished Creatures
  An orc priest (D:2)
  2 adders (D:2)
  2 worms (D:2)
  2 orcs (D:2)
  2 bats
  5 endoplasms
  A giant cockroach (D:2)
  6 goblins
  A hobgoblin (D:2)
  3 kobolds
  4 ball pythons
  6 rats
35 creatures vanquished.

Notes
Turn   | Place    | Note
-------+----------+-------------------------------------------
     0 | D:1      | kae the Demonspawn Transmuter began the quest for the Orb.
     0 | D:1      | Reached XP level 1. HP: 15/15 MP: 3/3
   261 | D:1      | Gained mutation: Your demonic aura sometimes causes spilled
                  | blood to erupt in flames. [demonic ancestry]
   261 | D:1      | Reached XP level 2. HP: 14/21 MP: 3/5
  1070 | D:2      | Reached skill level 3 in Unarmed Combat
  1137 | D:2      | Mutation became permanent: You have a pair of small horns
                  | on your head. [demonic ancestry]
  1137 | D:2      | Gained mutation: You have a pair of horns on your head.
                  | [demonic ancestry]
  1137 | D:2      | Reached XP level 3. HP: 22/26 MP: 4/6
  1763 | D:2      | Learned a level 3 spell: Spider Form
  1932 | D:2      | Gained mutation: You have a pair of horns on your head.
                  | [demonic ancestry]
  1932 | D:2      | Reached XP level 4. HP: 3/33 MP: 0/7
  1933 | D:2      | Slain by an orc

Illustrated notes

Levels and vault maps discovered:
D:1:      onia_arrival_mini_spirals, layout_basic
D:2:      layout_loops_cross, shapermc_ecumenical_altar_petra

Skill      XL: |  1  2 |
---------------+-------+-----
Transmutations | 2 |  2.5
Unarmed Combat | 3 |  3.3
Dodging        | 2 |  2.2
Fighting       | |  1.7
Spellcasting   | |  2.3
Poison Magic   | |  0.8

Action                   |  1- 3 |  4- 6 || total
-------------------------+-------+-------++-------
Melee: Unarmed           |    81 |     1 ||    82
       Headbutt          |    21 |     1 ||    22
       Kick              |    11 |       ||    11
 Cast: Beastly Appendage |    23 |       ||    23
  Use: Scroll            |     2 |       ||     2
 Stab: Sleeping          |     1 |       ||     1
Armor: Robe              |    19 |       ||    19
Dodge: Dodged            |    56 |       ||    56
Block: Other             |    23 |       ||    23
       Reflection        |     2 |       ||     2

Table legend: (Time is in decaauts)
 A = Elapsed time spent in this place.
 B = Non-inter-level travel time spent in this place.
 C = Inter-level travel time spent in this place.
 D = Time resting spent in this place.
 E = Time spent auto-exploring this place.
 F = Levels seen in this place.
 G = Mean time per level.
                   A        B        C        D        E       F      G
               +--------+--------+--------+--------+--------+-----+--------+
         Total |   1927 |   1919 |      8 |      0 |   1644 |   2 |  963.5 |
       Dungeon |   1927 |   1919 |      8 |      0 |   1644 |   2 |  963.5 |
               +--------+--------+--------+--------+--------+-----+--------+

Top non-repeatable levels by time:
     D:1: 1050 daAuts
     D:2: 877 daAuts
